 Dungeon Crawl Stone Soup version 0.25-a0-869-g05d4e06 (webtiles) character file.

Game seed: 1650403566399136042, levelgen mode: deterministic

614851 DrEnzyme the Archmage (level 26, -8/133 HPs)
             Began as a Spriggan Wanderer on Apr 23, 2020.
             Was the Champion of Wu Jian.
             Mangled by an Orb Guardian (58 damage)
             ... on level 4 of the Realm of Zot on Apr 30, 2020.
             The game lasted 07:21:10 (136786 turns).

DrEnzyme the Archmage (Spriggan Wanderer)         Turns: 136786, Time: 07:21:10

Health: -8/133     AC: 19    Str: 13    XL:     26   Next: 86%
Magic:  49/55      EV: 34    Int: 23    God:    Wu Jian [******]
Gold:   4358       SH: 10    Dex: 15    Spells: 33/79 levels left

rFire    + + +     SeeInvis +   a - +9 quick blade (elec)
rCold    + + +     Gourm    .   V - +3 buckler {rN+}
rNeg     + . .     Faith    .   H - +5 faerie dragon scales {rPois rC+ rCorr}
rPois    +         Spirit   .   O - +2 hat
rElec    +         Reflect  .   e - +2 cloak of the Thief {+Fog Slay-2 SInv Stlth+}
rCorr    +         Harm     .   (gloves unavailable)
MR       +++++     Rnd*Rage +   (boots unavailable)
Stlth    +++++++++.             y - amulet of Uttosid {RegenMP +Inv rC+}
HPRegen  0.32/turn              M - ring "Zixeac" {rF+ Str+4 Slay+2 SInv}
MPRegen  0.59/turn              F - ring "Xedaytav" {rF++ MR+}

@: mighty, resistant, studying Fighting, very quick
A: very small, unfitting armour, claws 1, hooves 1, yellow scales 1, see
invisible, berserk 1, clumsy 1, herbivore, speed 3, sense surroundings 1, slow
metabolism 2
}: 3/15 runes: serpentine, barnacled, slimy
a: Wall Jump, Serpent's Lash, Heavenly Storm, Renounce Religion, Evoke Fog,
Evoke Invisibility


You were on level 4 of the Realm of Zot.
You worshipped Wu Jian.
Wu Jian was exalted by your worship.
You were not hungry.

You visited 11 branches of the dungeon, and saw 54 of its levels.
You also visited: Trove, Wizlab and Desolation.

You collected 11504 gold pieces.
You spent 7146 gold pieces at shops.

Inventory:

Hand Weapons
 a - a +9 quick blade of electrocution (weapon)
 E - the +8 demon blade "Leech" {vamp, *Rage +Rage rN+}
   (You found it on level 7 of the Dungeon)

   It inflicts no extra harm, but heals its wielder when it wounds a living foe.
   It protects you from negative energy.
   It lets you go berserk.
   It may make you go berserk in combat.
Missiles
 v - 135 poisoned darts (quivered)
Armour
 e - the +2 cloak of the Thief (worn) {+Fog Slay-2 SInv Stlth+}
   (You bought it in a shop on level 10 of the Dungeon)

   It affects your accuracy and damage with ranged weapons and melee attacks
   (-2).
   It lets you see invisible.
   It makes you more stealthy.
 j - +8 storm dragon scales {Bai Suzhen}
 H - the +5 faerie dragon scales (worn) {rPois rC+ rCorr}
   (You took it off the Enchantress on level 5 of the Depths)

   It protects you from cold.
   It protects you from poison.
   It provides partial protection from all sources of acid and corrosion.
 O - a +2 hat (worn)
 V - a +3 buckler of positive energy (worn)
Magical Staves
 b - an uncursed staff of wizardry
Jewellery
 u - the amulet "Zimnous" {rN+ Regen+ Str+6 Dex+4}
   (You found it in a treasure trove)

   [amulet of regeneration]

   It affects your strength (+6).
   It affects your dexterity (+4).
   It protects you from negative energy.
   It increases your rate of regeneration.
 y - the amulet of Uttosid (around neck) {RegenMP +Inv rC+}
   (You bought it in a shop on level 2 of the Vaults)

   [amulet of magic regeneration]

   It increases your magic regeneration.
   It protects you from cold.
   It lets you turn invisible.
 B - the amulet of the Four Winds {rN+ MR+++ Clar}
   (You found it on level 5 of the Pits of Slime)

   [amulet of nothing]

   It protects you from negative energy.
   It affects your resistance to hostile enchantments.
   It protects you against confusion.
 F - the ring "Xedaytav" (right claw) {rF++ MR+}
   (You found it in a treasure trove)

   [ring of protection from magic]

   It greatly protects you from fire.
   It affects your resistance to hostile enchantments.
 L - the ring "Wavel" {Wiz Str+4 Dex+3 Stlth-}
   (You found it in a treasure trove)

   [ring of wizardry]

   It improves your spell success rate.
   It affects your strength (+4).
   It affects your dexterity (+3).
   It makes you less stealthy.
 M - the ring "Zixeac" (left claw) {rF+ Str+4 Slay+2 SInv}
   (You found it on level 2 of the Vaults)

   [ring of protection from fire]

   It affects your strength (+4).
   It affects your accuracy and damage with ranged weapons and melee attacks
   (+2).
   It protects you from fire.
   It lets you see invisible.
 T - the ring "Tada" {rElec MP+9 Str+3 Int+3 SInv}
   (You found it in a treasure trove)

   [ring of strength]

   It affects your strength (+3).
   It affects your intelligence (+3).
   It insulates you from electricity.
   It affects your magic capacity (+9).
   It lets you see invisible.
Wands
 A - a wand of digging (10)
 D - a wand of iceblast (47)
 Q - a wand of acid (52)
Scrolls
 d - a scroll of magic mapping
 g - 8 scrolls of fog
 h - 7 scrolls of blinking
 i - 3 scrolls of identify
 k - 9 scrolls of fear
 l - 3 scrolls of remove curse
 n - 2 scrolls of amnesia
 o - 7 scrolls of immolation
 t - 25 scrolls of teleportation
Potions
 c - 12 potions of curing
 m - 3 potions of flight
 q - 9 potions of brilliance
 r - 5 potions of might
 x - 4 potions of invisibility
 z - 3 potions of cancellation
 C - 3 potions of stabbing
 G - 4 potions of mutation
 P - a potion of haste
 R - 3 potions of ambrosia
 S - a potion of resistance
 U - 3 potions of heal wounds
 Y - 2 potions of magic
Books
 w - a manual of Fighting
Miscellaneous
 p - 3 phantom mirrors
 s - a phial of floods
 J - a lightning rod (4/4)
 K - 5 boxes of beasts
Comestibles
 f - 13 rations


   Skills:
 - Level 11.9 Fighting
 - Level 12.0 Short Blades
 - Level 1.0 Throwing
 - Level 5.2 Armour
 - Level 23.0 Dodging
 - Level 26.7 Stealth
 - Level 6.4 Shields
 O Level 27 Spellcasting
 - Level 5.7 Conjurations
 - Level 2.0 Hexes
 - Level 3.0 Charms
 - Level 2.7 Necromancy
 - Level 1.5 Translocations
 - Level 2.6 Transmutations
 - Level 2.5 Fire Magic
 + Level 23.4 Earth Magic
 - Level 8.0 Evocations


You had 33 spell levels left.
You knew the following spells:

 Your Spells              Type           Power        Failure   Level  Hunger
a - Stone Arrow           Conj/Erth      ######       0%          3    None
b - Bolt of Magma         Conj/Fire/Erth ######....   1%          5    None
c - Shatter               Erth           #######...   11%         9    ######.
d - Confusing Touch       Hex            #####...     1%          3    None
e - Animate Skeleton      Necr           N/A          1%          1    None
f - Apportation           Tloc           #####.       1%          1    None
g - Shroud of Golubria    Chrm/Tloc      #####.       1%          2    None
h - Sandblast             Erth           ######       0%          1    None
j - Airstrike             Air            ####......   14%         4    None
p - Blink                 Tloc           N/A          1%          2    None
r - Petrify               Tmut/Erth      ######..     1%          4    None
s - Statue Form           Tmut/Erth      ######...    1%          6    None
x - Lee's Rapid Deconstr  Erth           #######...   0%          5    None

Your spell library contained the following spells:

 Spells                   Type           Power        Failure   Level  Hunger
 Passwall                 Tmut/Erth      ######..     0%          2    None
 Beastly Appendage        Tmut           #####.       1%          1    None
 Corona                   Hex            #####..      1%          1    None
 Foxfire                  Conj/Fire      ####         1%          1    None
 Freeze                   Ice            ####         1%          1    None
 Infusion                 Chrm           ####         1%          1    None
 Magic Dart               Conj           ####         1%          1    None
 Pain                     Necr           ####         1%          1    None
 Shock                    Conj/Air       ####         1%          1    None
 Sting                    Tmut/Pois      ####         1%          1    None
 Summon Butterflies       Summ           ####....     1%          1    None
 Summon Small Mammal      Summ           ####         1%          1    None
 Corpse Rot               Necr/Air       N/A          1%          2    None
 Searing Ray              Conj           ######       1%          2    None
 Slow                     Hex            #####...     1%          2    None
 Song of Slaying          Chrm           #####...     1%          2    None
 Sticks to Snakes         Tmut           #####...     1%          2    None
 Swiftness                Chrm/Air       #####...     1%          2    None
 Conjure Flame            Conj/Fire      ######..     1%          3    None
 Dazzling Flash           Conj/Hex       #####.       1%          3    None
 Inner Flame              Hex/Fire       #####...     1%          3    None
 Mephitic Cloud           Conj/Pois/Air  #####...     1%          3    None
 Spectral Weapon          Hex/Chrm       #####...     1%          3    None
 Static Discharge         Conj/Air       #####...     1%          3    None
 Tukima's Dance           Hex            #####...     1%          3    None
 Vampiric Draining        Necr           #####.....   1%          3    None
 Leda's Liquefaction      Hex/Erth       ######....   1%          4    None
 Iron Shot                Conj/Erth      #######...   1%          6    None
 Call Imp                 Summ           ####....     2%          2    None
 Poisonous Vapours        Pois/Air       ####..       2%          2    None
 Gell's Gravitas          Tloc           #####.....   2%          3    None
 Ignite Poison            Fire/Tmut/Pois #####...     2%          3    None
 Lesser Beckoning         Tloc           #####.....   2%          3    None
 Ozocubu's Armour         Chrm/Ice       #####...     2%          3    None
 Portal Projectile        Hex/Tloc       #####.       2%          3    None
 Spider Form              Tmut/Pois      #####.....   2%          3    None
 Teleport Other           Tloc           #####...     2%          3    None
 Sticky Flame             Conj/Fire      ######..     2%          4    None
 Summon Guardian Golem    Hex/Summ       #####...     3%          3    None
 Iskenderun's Mystic Bla  Conj/Tloc      #####...     3%          4    None
 Call Canine Familiar     Summ           ####....     4%          3    None
 Frozen Ramparts          Ice            ####..       4%          3    None
 Animate Dead             Necr           N/A          4%          4    None
 Hailstorm                Conj/Ice       #####...     4%          4    None
 Cause Fear               Hex            #####.....   6%          4    None
 Iskenderun's Battlesphe  Conj/Chrm      ######..     7%          5    None
 Passage of Golubria      Tloc           N/A          8%          4    None
 Fireball                 Conj/Fire      ######....   8%          5    None
 Ice Form                 Ice/Tmut       #####...     9%          4    None
 Excruciating Wounds      Chrm/Necr      #####.....   13%         5    None
 Lightning Bolt           Conj/Air       #####.....   13%         5    None
 Olgreb's Toxic Radiance  Pois           ####....     14%         4    None
 Summon Ice Beast         Ice/Summ       ####....     14%         4    None
 Summon Lightning Spire   Summ/Air       ####....     14%         4    None
 Agony                    Necr           #####...     14%         5    None
 Blade Hands              Tmut           #####.....   14%         5    None
 Yara's Violent Unravell  Hex/Tmut       #####.....   16%         5    None
 Alistair's Intoxication  Tmut/Pois      #####...     24%         5    None
 Metabolic Englaciation   Hex/Ice        #####.....   26%         5    None
 Silence                  Hex/Air        #####.....   26%         5    None
 Summon Mana Viper        Hex/Summ       #####...     26%         5    None
 Summon Forest            Summ/Tloc      ####......   30%         5    None
 Starburst                Conj/Fire      ######....   38%         6    None
 Hydra Form               Tmut           #####.....   58%         6    None
 Invisibility             Hex            #####...     69%         6    None
 Dispersal                Tloc           #####.....   77%         6    None
 Orb of Destruction       Conj           ######....   77%         7    ###....
 Eringya's Noxious Bog    Tmut/Pois      #####.....   78%         6    None
 Spellforged Servitor     Conj/Summ      #####.....   98%         7    ###....
 Ring of Flames           Chrm/Fire      #####.....   99%         7    ###....
 Haunt                    Necr/Summ      #####.....   100%        7    ###....
 Malign Gateway           Summ/Tloc      ####......   100%        7    ###....
 Monstrous Menagerie      Summ           ####......   100%        7    ###....
 Summon Greater Demon     Summ           ####......   100%        7    ###....
 Summon Hydra             Summ           ####......   100%        7    ###....
 Borgnjor's Revivificati  Necr           #####.....   100%        8    #####..
 Controlled Blink         Tloc           N/A          100%        8    #####..
 Death's Door             Chrm/Necr      #####.....   100%        8    #####..
 Discord                  Hex            #####.....   100%        8    #####..
 Disjunction              Tloc           #####.....   100%        8    #####..
 Ignition                 Fire           #####.....   100%        8    #####..
 Infestation              Necr           #####.....   100%        8    #####..
 Necromutation            Tmut/Necr      #####.....   100%        8    #####..
 Summon Horrible Things   Summ           ####......   100%        8    #####..


Dungeon Overview and Level Annotations

Branches:
Dungeon (15/15)            Temple (1/1) D:7            Lair (6/6) D:10
 Shoals (4/4) Lair:3        Snake (4/4) Lair:3        Slime (5/5) Lair:5
    Orc (2/2) D:9             Elf (3/3) Orc:2        Vaults (4/5) D:13
  Crypt (0/3) Vaults:2     Depths (5/5) D:15            Zot (5/5) Depths:5
 WizLab (visited)         Desolation (visited)

Altars:
Ashenzari
Elyvilon
Gozag
Makhleb
Okawaru
Qazlal
Sif Muna
Trog
Vehumet
Wu Jian
Xom
Yredelemnul
Zin
The Shining One
Beogh
Jiyva

Shops:
D:8 *   D:10 :[!   Orc:1 %   Orc:2 ?=[(   Elf:3 }=}   Vaults:2 =   Depths:4 ?

Portals:
Hell: Depths:1 Depths:2 Depths:3 Depths:4 Depths:5
Abyss: Depths:4 Depths:5
Pandemonium: Depths:2 Depths:3 Depths:4
Ziggurat: Depths:3

Annotations:
Lair:6 exclusion: oklob plant
Shoals:3 Ilsuiw
Snake:1 exclusion: downstairs
Snake:2 exclusions: anaconda, 2 mana vipers and naga ritualist
Slime:4 exclusion: upstairs
Elf:2 3 runed translucent doors, exclusion: 3 doors
Vaults:2 8 runed translucent doors, Ehig's ghost, veteran FoEE
Zot:1 1 runed translucent door, Momnuudway's ghost, master GrGl


Innate Abilities, Weirdness & Mutations

You are very small and have problems with some larger weapons.
You are too small for most types of armour.
You have supernaturally acute eyesight. (SInv)
You are a herbivore.
You cover ground extremely quickly.
You need to consume almost no food.
You have sharp fingernails.
You have large cloven feet.
You are partially covered in yellow scales. (AC +2)
You tend to lose your temper in combat.
You are clumsy. (Dex -2)
You passively map a small area around you.


Message History

The fireball explodes!
The fireball engulfs you! You resist.
Your blink will be uncontrolled - continue anyway?
The Orb prevents control of your translocation!
You blink.
As you read the scroll of blinking, it crumbles to dust.
Your death cob completely misses the orb of fire.
Your death cob misses the orb of fire.
Your storm dragon barely misses the orb of fire.
Your storm dragon misses the orb of fire.
Your storm dragon tramples the orb of fire but does no damage.
Your moth of wrath goads your storm dragon on!
Your storm dragon goes berserk!
As you read the scroll of summoning, it crumbles to dust.
Wisps of shadow whirl around you...
Your death cob hits the orb of fire!
Your storm dragon bites the orb of fire!!
Your storm dragon claws the orb of fire!
Your storm dragon closely misses the orb of fire.
Your death cob hits the orb of fire but does no damage.
The Orb Guardian hits you!!!
You die...

.....#..#..........##...##
...............#.........#
.......#.........#.......##
..........................#
..........................#
..........................#
...#...........#..y.......#
...........>..............##
#...............@D.........#
..........Dy...X.....#.....#
###.......*......X...#.....#
.........z.#y........#.....#
#..........#...............#
#..........ยง..........#.#..#
...........DD.........#.#..#
#.......#.......###...#.#.##
.................##..##...#


You could see an orb of fire, an Orb Guardian (berserk), a friendly shadow
dragon, a friendly tentacled monstrosity, 2 friendly storm dragons, a friendly
death cob, a friendly quicksilver dragon and 3 friendly moths of wrath.

Vanquished Creatures
  the Royal Jelly (Slime:5)
  Mara (Vaults:3)
  Frederick (Vaults:1)
  Bai Suzhen (Depths:3)
  A Killer Klown (Zot:2)
  Saint Roka (Depths:2)
  Nikola (Vaults:2)
  Xtahua (Vaults:2)
  the Enchantress (Depths:5)
  8 golden dragons
  2 bone dragons (Depths:5)
  2 liches
  An electric golem (Depths:5)
  16 tentacled monstrosities
  Rupert (Vaults:4)
  6 quicksilver dragons
  3 deep elf master archers (Elf:3)
  A deep elf blademaster (Elf:3)
  7 Orb Guardians
  13 acid blobs
  5 death cobs
  An ancient champion (Depths:3)
  A sphinx (Vaults:2)
  A kraken (Shoals:4)
  Donald (Elf:3)
  Gastronok (Lair:2)
  3 shadow dragons
  11 storm dragons
  Kirke (Snake:3)
  7 azure jellies
  3 draconian monks
  2 tengu reavers
  9 nagarajas
  9 fire giants
  2 iron dragons
  A storm dragon (shapeshifter) (Vaults:3)
  4 draconian scorchers
  12 frost giants
  10 deep elf sorcerers
  6 vault wardens
  14 draconian knights
  An orc warlord (D:14)
  7 ghost moths
  7 draconian stormcallers
  A draconian shifter (Zot:4)
  8 deep elf elementalists
  Louise (Elf:3)
  10 ironheart preservers
  5 draconian annihilators
  5 entropy weavers
  7 spriggan defenders
  22 very ugly things
  6 deep elf demonologists
  11 green draconians
  13 stone giants
  6 vampire knights
  14 deep elf annihilators
  11 black draconians
  8 red draconians
  15 purple draconians
  2 spark wasps
  A dire elephant (D:15)
  7 yellow draconians
  11 white draconians
  9 statues (WizLab)
  14 death oozes
  The ghost of PublicAnimeNo1 the Thaumaturge, a journeyman GnSk of Wu Jian (D:11)
  A merfolk javelineer (Shoals:4)
  8 deep elf death magi (Elf:3)
  7 deep elf high priests
  14 fire dragons
  13 ettins
  2 crystal guardians (Vaults:4)
  3 jiangshi (Depths:4)
  6 merfolk impalers
  11 great orbs of eyes
  16 vault guards
  18 yaktaur captains
  11 ice dragons
  3 ghost crabs (D:10)
  5 hydras
  7 rakshasas
  4 anacondas
  An anaconda (shapeshifter) (Vaults:1)
  2 merfolk avatars (Shoals:4)
  Erica (D:8)
  An alligator snapping turtle (Shoals:4)
  27 naga warriors
  3 catoblepae
  5 spriggan air magi
  15 centaur warriors
  4 merfolk aquamancers
  14 ogre magi
  4 satyrs
  42 two-headed ogres
  14 dancing weapons
  3 death yaks (Lair:4)
  2 death knights
  A vampire mage (Depths:4)
  14 deep troll earth magi
  5 spriggan berserkers
  5 tengu warriors
  15 naga sharpshooters
  7 spriggans
  6 deep troll shamans
  7 orc high priests
  5 shock serpents
  5 hell knights (Depths:1)
  25 deep elf knights
  Nergalle (Lair:3)
  5 fire crabs (D:10)
  9 skeletal warriors
  4 iron trolls
  16 sea snakes
  2 shadow demons (Depths:5)
  6 salamander mystics
  4 unseen horrors
  3 glowing orange brains
  A death drake (shapeshifter) (Depths:2)
  An orange crystal statue (Depths:1)
  38 deep trolls
  5 naga ritualists
  3 shadow wraiths
  The ghost of FromWork the Cleaver, a novice GrBe of Trog (D:6)
  A swamp dragon (Zot:2)
  A phantasmal warrior (Vaults:2)
  12 wizards
  2 flayed ghosts (Vaults:3)
  14 orc knights
  3 harpies (shapeshifter)
  12 deep elf archers
  3 necromancers
  2 mana vipers (Snake:4)
  12 ironbrand convokers
  49 ugly things
  4 oklob plants (Lair:5)
  14 orc sorcerers
  80 deep elf magi
  4 harpies (Shoals:2)
  4 wolf spiders
  A fire giant zombie (Vaults:1)
  11 cyclopes
  8 manticores
  2 shining eyes (Slime:4)
  5 elephants
  13 fauns
  A salamander (shapeshifter) (D:13)
  19 salamanders
  32 black mambas
  24 moths of wrath
  8 guardian serpents
  A water nymph (shapeshifter) (Vaults:3)
  A human skeleton (Vaults:1)
  4 water nymphs
  A frost giant skeleton (Vaults:2)
  A smoke demon (Depths:4)
  5 centaur zombies
  17 vault sentinels
  8 merfolk sirens
  19 naga magi
  An eye of devastation (Slime:4)
  21 spiny frogs
  A torpor snail (Lair:4)
  An apocalypse crab (D:10)
  2 rime drakes
  A torpor snail (shapeshifter) (D:13)
  56 yaktaurs
  An efreet (D:9)
  3 kobold demonologists
  10 komodo dragons
  7 freezing wraiths
  3 wind drakes
  A red devil (Depths:4)
  2 polar bears
  A jumping spider (Vaults:4)
  A queen bee (D:8)
  11 trolls
  5 tyrant leeches (Lair:6)
  A wind drake (shapeshifter) (D:13)
  14 merfolk
  2 tengu simulacra (Vaults:3)
  10 hornets
  10 saltlings
  A hornet (shapeshifter) (Vaults:4)
  20 hippogriffs
  A slime creature (shapeshifter) (Depths:1)
  77 slime creatures
  5 snapping turtles
  35 blink frogs
  A hippogriff (shapeshifter) (Vaults:2)
  A blink frog (shapeshifter) (Vaults:3)
  15 dream sheep
  4 small abominations (Depths:5)
  2 fire giant simulacra (Vaults:2)
  2 shadows
  4 redbacks (Vaults:4)
  18 water elementals
  3 wyverns
  4 wraiths
  3 fire elementals
  6 golden eyes (Slime:4)
  8 large abominations (Depths:5)
  A steam dragon (D:11)
  26 yaks
  3 basilisks
  A chaos spawn (Depths:5)
  A human (shapeshifter) (D:12)
  7 humans (D:13)
  15 vampire mosquitoes
  2 hungry ghosts
  5 wargs
  Edmund (D:4)
  5 acid dragons
  11 water moccasins
  A floating eye (Slime:4)
  10 porcupines
  77 nagas
  A swamp drake (shapeshifter) (Vaults:4)
  A hell hound (Depths:4)
  57 orc warriors
  A hornet zombie (D:15)
  4 black bears
  2 ice beasts
  4 sky beasts
  A black bear (shapeshifter) (Depths:4)
  6 eyes of draining
  A tengu (shapeshifter) (Depths:2)
  2 human zombies
  2 phantoms
  9 boggarts
  22 wolves
  18 centaurs
  37 ogres
  6 crocodiles
  27 bullfrogs
  5 big kobolds
  A wyvern zombie (D:9)
  A deep troll simulacrum (Vaults:1)
  An earth elemental (Elf:3)
  8 scorpions
  2 human simulacra (Vaults:2)
  A wyvern skeleton (D:14)
  19 killer bees
  8 wights
  9 jellies
  4 howler monkeys
  A lava snake (Lair:5)
  5 crimson imps
  2 quasits
  39 orc priests
  5 hounds
  6 bullfrog skeletons
  4 iguanas
  6 centaur skeletons
  6 hell rats (Lair:6)
  35 orc wizards
  9 worker ants
  13 adders
  2 howler monkey skeletons
  3 shadow imps
  A white imp (Depths:5)
  5 oozes
  2 adder zombies
  An adder skeleton (D:4)
  4 worms
  2 dart slugs (D:3)
  10 leopard geckos
  103 orcs
  9 bats
  7 giant cockroaches
  5 goblins
  8 hobgoblins
  9 jackals
  35 kobolds
  8 quokkas
  3 ball pythons
  6 frilled lizards
  A leopard gecko zombie (D:6)
  A quokka skeleton (D:3)
  3 quokka zombies (D:6)
  7 rats
  2 butterflies (Lair:1)
  5 plants
  A tentacle (Shoals:4)
2410 creatures vanquished.

Vanquished Creatures (collateral kills)
  A merfolk impaler (Shoals:1)
  An acid dragon (Zot:2)
  A bullfrog (Lair:6)
3 creatures vanquished.

Vanquished Creatures (others)
  A draconian stormcaller (Zot:1)
  A shadow wraith (Vaults:4)
  4 yaktaurs
  A water elemental (Elf:3)
  7 humans
  A naga (Snake:4)
  3 centaurs
  An orc wizard (Orc:2)
  An orc (D:8)
  2 bushes (Lair:6)
  45 fungi
  163 plants
  4 tentacles (Shoals:4)
234 creatures vanquished.

Grand Total: 2647 creatures vanquished

Notes
Turn   | Place    | Note
-------+----------+-------------------------------------------
     0 | D:1      | DrEnzyme the Spriggan Wanderer began the quest for the Orb.
     0 | D:1      | DrEnzyme set off with the following items: a +0 dagger, a
                  | potion of curing, a +0 robe, a ration; and the following
                  | spell memorised: Sandblast; and the following spells
                  | available to memorise: Shroud of Golubria, Blink, Passwall,
                  | Stone Arrow, Petrify, Lee's Rapid Deconstruction
     0 | D:1      | Reached XP level 1. HP: 9/9 MP: 6/6
   412 | D:1      | Reached XP level 2. HP: 13/13 MP: 8/8
   427 | D:1      | Learned a level 2 spell: Blink
   430 | D:1      | Learned a level 2 spell: Shroud of Golubria
  1719 | D:2      | Reached skill level 1 in Dodging
  1756 | D:2      | Reached skill level 1 in Short Blades
  1844 | D:2      | Reached XP level 3. HP: 16/16 MP: 10/10
  2713 | D:2      | Found a glowing silver altar of Zin.
  2744 | D:2      | Reached skill level 5 in Spellcasting
  3623 | D:3      | Reached XP level 4. HP: 12/21 MP: 12/12
  3859 | D:3      | Found a stormy altar of Qazlal.
  3860 | D:3      | Noticed an air elemental
  4034 | D:3      | Noticed a fire elemental
  4119 | D:3      | Noticed a water elemental
  4185 | D:3      | Reached skill level 1 in Earth Magic
  4509 | D:3      | Found a burning altar of Makhleb.
  4815 | D:3      | Noticed an earth elemental
  4987 | D:4      | Learned a level 3 spell: Confusing Touch
  5009 | D:4      | Upgraded the game from 0.25-a0-835-gb37b1c2 to
                  | 0.25-a0-843-g6944ee3
  5036 | D:4      | Reached XP level 5. HP: 24/24 MP: 12/14
  5797 | D:3      | Upgraded the game from 0.25-a0-843-g6944ee3 to
                  | 0.25-a0-856-g25f8dcc
  5814 | D:4      | Reached skill level 6 in Spellcasting
  5847 | D:4      | Reached XP level 6. HP: 15/29 MP: 16/16
  6144 | D:4      | Learned a level 1 spell: Animate Skeleton
  6378 | D:4      | Noticed Edmund
  6510 | D:4      | Killed Edmund
  6732 | D:5      | Entered Level 5 of the Dungeon
  6762 | D:5      | Reached skill level 7 in Spellcasting
  7013 | D:5      | Learned a level 1 spell: Apportation
  7198 | D:5      | Reached XP level 7. HP: 31/32 MP: 14/18
  7561 | D:5      | Found a radiant altar of Vehumet.
  7915 | D:5      | Reached skill level 5 in Stealth
  8147 | D:5      | Reached skill level 1 in Fighting
  8502 | D:5      | Reached skill level 5 in Dodging
  8502 | D:5      | Reached skill level 8 in Spellcasting
  8840 | D:6      | Reached XP level 8. HP: 37/37 MP: 21/21
  9302 | D:6      | Found a runed translucent door.
  9313 | D:6      | Noticed FromWork's ghost (novice GrBe)
  9414 | D:6      | Upgraded the game from 0.25-a0-856-g25f8dcc to
                  | 0.25-a0-861-g340c9e8
  9494 | D:7      | Learned a level 1 spell: Pain
  9498 | D:7      | You fall into a shaft and drop 1 floor!
  9513 | D:8      | Found Ocran's Changing Room.
  9519 | D:8      | Got a shimmering robe
  9520 | D:8      | Identified the +0 robe "Navastae" {+Blink rC++ Int+4 Dex+3}
                  | (You found it on level 8 of the Dungeon)
  9735 | D:7      | Found a staircase to the Ecumenical Temple.
  9810 | Temple   | Entered the Ecumenical Temple
  9832 | Temple   | Became a worshipper of the Wu Jian Council
 10673 | D:7      | Found the +8 demon blade "Leech" {vamp, *Rage +Rage rN+}
 11336 | D:7      | Reached skill level 5 in Short Blades
 12039 | D:8      | Noticed a hippogriff
 12067 | D:8      | Reached XP level 9. HP: 42/42 MP: 22/22
 12896 | D:8      | Reached * piety under Wu Jian
 12907 | D:8      | Noticed a queen bee
 13164 | D:8      | Killed a queen bee
 13608 | D:7      | Reached skill level 10 in Stealth
 14019 | D:9      | Noticed an efreet
 14082 | D:9      | Reached skill level 1 in Hexes
 14241 | D:9      | Killed an efreet
 14241 | D:9      | Reached skill level 9 in Spellcasting
 15096 | D:9      | Found a staircase to the Orcish Mines.
 15107 | Orc:1    | Entered Level 1 of the Orcish Mines
 15107 | Orc:1    | Noticed an orc sorcerer
 15107 | Orc:1    | Noticed an orc knight
 15107 | Orc:1    | Noticed an orc sorcerer
 15109 | Orc:1    | Noticed a soul eater
 15270 | D:9      | Reached skill level 10 in Dodging
 15467 | D:9      | Reached XP level 10. HP: 47/47 MP: 24/24
 15907 | D:10     | Entered Level 10 of the Dungeon
 15909 | D:10     | Found Julad's Book Shop.
 18083 | D:9      | Reached skill level 1 in Necromancy
 18232 | D:8      | Reached skill level 10 in Spellcasting
 18354 | D:8      | Found a roughly hewn altar of Beogh.
 18378 | D:8      | Reached ** piety under Wu Jian
 18431 | D:8      | Learned a level 3 spell: Stone Arrow
 18547 | D:8      | Noticed Erica
 19339 | D:10     | Found a staircase to the Lair.
 19537 | D:10     | Found Zuochem's Antique Armour Shoppe.
 19546 | D:10     | Bought the +2 cloak of the Thief {+Fog Slay-2 SInv Stlth+}
                  | for 603 gold pieces
 19546 | D:10     | Found the +2 cloak of the Thief {+Fog Slay-2 SInv Stlth+}
 19569 | D:10     | Found Ucrogasch's Distillery.
 19634 | D:10     | Bought a potion of curing for 45 gold pieces
 19667 | D:10     | Found a runed translucent door.
 19673 | D:10     | Noticed a fire crab
 19968 | D:11     | Noticed a cyclops
 20317 | D:11     | Noticed a manticore
 20368 | D:11     | Reached skill level 11 in Spellcasting
 20375 | D:11     | Gained mutation: You are partially covered in icy blue
                  | scales. (AC +2) [potion of mutation]
 20375 | D:11     | Gained mutation: You expend magic power (3 MP) to
                  | strengthen your wands. [potion of mutation]
 20437 | D:11     | Noticed an unseen horror
 20444 | D:11     | Killed an unseen horror
 20444 | D:11     | Reached XP level 11. HP: 51/51 MP: 27/27
 20633 | D:11     | Reached *** piety under Wu Jian
 20837 | D:11     | Found a bloodstained altar of Trog.
 20839 | D:11     | Noticed PublicAnimeNo1's ghost (journeyman GnSk)
 20839 | D:11     | Identified the cursed +2 war axe of Corruption {flame,
                  | Stlth+}
 20839 | D:11     | Noticed a tengu warrior
 20844 | D:11     | Found a transporter.
 20847 | D:11     | Found a transporter.
 21236 | Lair:1   | Entered Level 1 of the Lair of Beasts
 21572 | Lair:1   | Noticed a six-headed hydra
 22107 | Lair:1   | Killed a six-headed hydra
 22107 | Lair:1   | Reached skill level 12 in Spellcasting
 23445 | Lair:2   | Reached skill level 5 in Earth Magic
 24512 | Lair:2   | Reached XP level 12. HP: 56/56 MP: 16/29
 24695 | Lair:2   | Reached skill level 13 in Spellcasting
 24699 | Lair:2   | Noticed Gastronok
 24710 | Lair:2   | Reached **** piety under Wu Jian
 25003 | Lair:2   | Killed Gastronok
 25003 | Lair:2   | Reached skill level 1 in Conjurations
 27050 | Lair:3   | Reached skill level 14 in Spellcasting
 27786 | Lair:3   | Found a staircase to the Shoals.
 28066 | Lair:3   | Noticed Nergalle
 28073 | Lair:3   | Killed Nergalle
 28750 | Lair:4   | You fall into a shaft and drop 2 floors!
 28750 | Lair:6   | Entered Level 6 of the Lair of Beasts
 28816 | Lair:6   | Noticed a catoblepas
 29004 | Lair:3   | Reached XP level 13. HP: 56/60 MP: 19/32
 29451 | Lair:4   | Found a shimmering altar of Xom.
 29615 | Lair:4   | Reached skill level 15 in Spellcasting
 30061 | Lair:4   | Reached ***** piety under Wu Jian
 30720 | Lair:5   | Found a staircase to the Slime Pits.
 31622 | Lair:5   | Learned a level 5 spell: Lee's Rapid Deconstruction
 32673 | Lair:6   | Reached skill level 15 in Stealth
 34336 | Lair:6   | Reached skill level 16 in Spellcasting
 36641 | Lair:6   | Reached XP level 14. HP: 61/65 MP: 21/35
 36891 | Lair:6   | Got a slimy rapier
 37301 | Lair:6   | Identified the cursed +0 rapier of Daick {antimagic, MR+++
                  | Dex+4} (You found it on level 6 of the Lair of Beasts)
 39335 | D:12     | Reached skill level 17 in Spellcasting
 42074 | Orc:1    | Found a burning altar of Makhleb.
 42154 | Orc:2    | Entered Level 2 of the Orcish Mines
 42154 | Orc:2    | Found a staircase to the Elven Halls.
 42709 | Orc:2    | Found a roughly hewn altar of Beogh.
 42918 | Orc:2    | Reached ****** piety under Wu Jian
 43353 | Orc:1    | Upgraded the game from 0.25-a0-861-g340c9e8 to
                  | 0.25-a0-869-g05d4e06
 44089 | Orc:1    | Found Poukhlivu's Food Emporium.
 44183 | Orc:2    | Found Asax Vint's Antique Armour Boutique.
 44183 | Orc:2    | Found Sooso's Antique Weapon Boutique.
 44184 | Orc:2    | Found Feesu's Jewellery Shop.
 44188 | Orc:2    | Found Ciur's Magic Scroll Shop.
 44446 | Orc:2    | Bought a scroll of enchant armour for 97 gold pieces
 44446 | Orc:2    | Bought a scroll of enchant weapon for 97 gold pieces
 44446 | Orc:2    | Bought a scroll of enchant weapon for 97 gold pieces
 44446 | Orc:2    | Bought a scroll of acquirement for 676 gold pieces
 44467 | Orc:2    | Bought a ring of the Octopus King {rC+ AC+1 EV+1 Str+1
                  | Int+1 Dex+1} for 840 gold pieces
 44467 | Orc:2    | Found the ring of the Octopus King {rC+ AC+1 EV+1 Str+1
                  | Int+1 Dex+1}
 44855 | Orc:1    | Bought a ration for 60 gold pieces
 44855 | Orc:1    | Bought a ration for 60 gold pieces
 44855 | Orc:1    | Bought a ration for 60 gold pieces
 44855 | Orc:1    | Bought a ration for 60 gold pieces
 44855 | Orc:1    | Bought a ration for 60 gold pieces
 44855 | Orc:1    | Bought a ration for 60 gold pieces
 44855 | Orc:1    | Bought a ration for 60 gold pieces
 44855 | Orc:1    | Bought a ration for 60 gold pieces
 44855 | Orc:1    | Bought a ration for 60 gold pieces
 45661 | Orc:2    | Found a roughly hewn altar of Beogh.
 46130 | Orc:1    | Reached skill level 15 in Dodging
 46400 | D:8      | Killed Erica
 46683 | D:6      | Killed FromWork's ghost
 47860 | D:13     | Reached skill level 18 in Spellcasting
 47885 | D:13     | Reached XP level 15. HP: 70/70 MP: 6/38
 48336 | D:13     | Found a gate to the Vaults.
 49925 | Lair:3   | Found a staircase to the Snake Pit.
 49947 | Snake:1  | Entered Level 1 of the Snake Pit
 50170 | Snake:1  | Reached skill level 1 in Evocations
 52712 | Snake:3  | Reached skill level 19 in Spellcasting
 53215 | Shoals:1 | Entered Level 1 of the Shoals
 53835 | D:10     | Reached skill level 10 in Earth Magic
 55754 | D:10     | Paralysed by you for 5 turns
 55805 | D:10     | Learned a level 4 spell: Petrify
 56230 | D:14     | Found a shattered altar of Ashenzari.
 56867 | Snake:3  | Reached XP level 16. HP: 72/74 MP: 31/40
 57090 | Snake:3  | Found a shattered altar of Ashenzari.
 57568 | Snake:3  | Found a basalt altar of Yredelemnul.
 58748 | Snake:4  | Entered Level 4 of the Snake Pit
 59223 | Snake:4  | Reached skill level 20 in Spellcasting
 60366 | Elf:1    | Entered Level 1 of the Elven Halls
 61581 | Elf:1    | Reached skill level 1 in Shields
 63092 | Elf:2    | Reached XP level 17. HP: 60/78 MP: 13/42
 63788 | Elf:2    | Found a runed translucent gate.
 63788 | Elf:2    | Found a runed translucent gate.
 63789 | Elf:2    | Found a runed translucent gate.
 63834 | Elf:3    | Entered Level 3 of the Elven Halls
 63840 | Elf:3    | Reached skill level 21 in Spellcasting
 64095 | Elf:3    | Noticed Louise
 64100 | Elf:3    | Noticed a deep elf blademaster
 64106 | Elf:3    | Killed a deep elf blademaster
 64617 | Elf:3    | Killed Louise
 65298 | Elf:3    | Found a portal to a secret trove of treasure.
 65522 | Elf:3    | Found Qytis's Gadget Emporium.
 65522 | Elf:3    | Found Villi's Jewellery Shop.
 65523 | Elf:3    | Found Dunos's Gadget Emporium.
 66034 | Elf:3    | Identified the +8 flail "Gebuisisch" {protect, rF+ rC+ rN+
                  | Stlth-}
 67046 | Elf:3    | Noticed a deep elf master archer
 67301 | Elf:3    | Identified the ring "Hubo" {rF+ Stlth+}
 67988 | Elf:3    | Killed a deep elf master archer
 67988 | Elf:3    | Reached skill level 22 in Spellcasting
 68196 | Elf:3    | Noticed a deep elf master archer
 69031 | Elf:3    | Reached XP level 18. HP: 83/83 MP: 34/45
 69876 | Elf:3    | Noticed Donald
 69878 | Elf:3    | Killed Donald
 70705 | Elf:3    | Identified Raguuj's Incunabulum of Aid
 70707 | Elf:3    | Identified the Incunabulum of the Unseen Realm
 70751 | Elf:3    | Identified the Volume of Intoxication and Lightness
 70802 | Elf:3    | Learned a level 5 spell: Bolt of Magma
 72101 | Snake:4  | Noticed Kirke
 72197 | Snake:3  | Killed Kirke
 75134 | Snake:4  | Reached skill level 23 in Spellcasting
 77919 | Snake:4  | Reached skill level 5 in Conjurations
 79266 | Snake:4  | Got a serpentine rune of Zot
 80336 | Lair:3   | Learned a level 4 spell: Airstrike
 80406 | Shoals:1 | Reached XP level 19. HP: 77/87 MP: 22/47
 81526 | Shoals:1 | Reached skill level 1 in Fire Magic
 81622 | Shoals:1 | Identified the +0 buckler of a treasure trove {*Slow rElec
                  | rF+ Int+4} (You acquired it on level 1 of the Shoals)
 82489 | Shoals:3 | Noticed Ilsuiw
 83162 | Shoals:3 | Found a burning altar of Makhleb.
 84426 | Shoals:3 | Identified the +1 animal skin of the Princeling {Int+4}
                  | (You acquired it on level 3 of the Shoals)
 84426 | Shoals:3 | Identified the +8 quick blade "Embalmer" {venom, rPois}
                  | (You acquired it on level 3 of the Shoals)
 84684 | Orc:2    | Bought the ring of Muxtueg {rPois Dex+2 Stlth+} for 592
                  | gold pieces
 84689 | Orc:2    | Bought a scroll of teleportation for 39 gold pieces
 84689 | Orc:2    | Bought a scroll of teleportation for 39 gold pieces
 84689 | Orc:2    | Bought a scroll of teleportation for 39 gold pieces
 84689 | Orc:2    | Bought a scroll of teleportation for 39 gold pieces
 84689 | Orc:2    | Bought a scroll of blinking for 97 gold pieces
 84786 | D:8      | Bought the Volume of Moulding for 880 gold pieces
 84793 | D:8      | Learned a level 6 spell: Statue Form
 84930 | D:10     | Bought the +2 ratskin cloak {+Rats rPois rN+ Str-1 Int-1
                  | Dex+1} for 834 gold pieces
 84930 | D:10     | Found the +2 ratskin cloak {+Rats rPois rN+ Str-1 Int-1
                  | Dex+1}
 85099 | Shoals:4 | Entered Level 4 of the Shoals
 87088 | Shoals:4 | Got a barnacled rune of Zot
 87710 | D:14     | Reached skill level 24 in Spellcasting
 88840 | D:14     | Found a roughly hewn altar of Beogh.
 89210 | D:15     | Entered Level 15 of the Dungeon
 89709 | D:15     | Reached skill level 5 in Fighting
 90022 | D:15     | Found a staircase to the Depths.
 90282 | D:15     | Found an iron altar of Okawaru.
 90497 | Vaults:1 | Entered Level 1 of the Vaults
 92581 | Vaults:1 | Reached XP level 20. HP: 93/93 MP: 45/49
 95185 | Vaults:2 | Reached skill level 25 in Spellcasting
 95844 | Vaults:2 | Noticed Frederick
 96200 | Vaults:1 | Killed Frederick
 96401 | Vaults:2 | Found a staircase to the Crypt.
 97288 | Vaults:2 | Found Jioreo's Jewellery Emporium.
 97303 | Vaults:2 | Bought the amulet of Uttosid {RegenMP +Inv rC+} for 1020
                  | gold pieces
 97932 | Vaults:2 | Noticed Xtahua
 98183 | Vaults:2 | Killed Xtahua
 98351 | Vaults:2 | Noticed Nikola
 98375 | Vaults:2 | Killed Nikola
 99109 | Vaults:2 | Found a large runed translucent door.
 99109 | Vaults:2 | Found a large runed translucent door.
 99109 | Vaults:2 | Found a large runed translucent door.
 99109 | Vaults:2 | Noticed Ehig's ghost (veteran FoEE)
 99110 | Vaults:2 | Found a large runed translucent door.
 99110 | Vaults:2 | Found a large runed translucent door.
 99110 | Vaults:2 | Found a large runed translucent door.
 99122 | Vaults:2 | Found a large runed translucent door.
 99122 | Vaults:2 | Found a large runed translucent door.
 99194 | Vaults:2 | Got a transparent lead ring
 99234 | Vaults:2 | Identified the ring "Zixeac" {rF+ Str+4 Slay+2 SInv} (You
                  | found it on level 2 of the Vaults)
 99375 | Vaults:3 | Noticed Mara
 99378 | Vaults:3 | Killed Mara
 99378 | Vaults:3 | Reached XP level 21. HP: 98/98 MP: 51/51
 99758 | Vaults:3 | Reached skill level 26 in Spellcasting
101923 | Vaults:4 | Found a ruined gateway.
101932 | Desolati | Entered the Desolation of Salt
102820 | Vaults:4 | Reached skill level 15 in Earth Magic
104135 | Vaults:4 | Reached XP level 22. HP: 102/102 MP: 41/53
104140 | Vaults:4 | Reached skill level 27 in Spellcasting
104764 | Vaults:4 | Noticed Rupert
104772 | Vaults:4 | Killed Rupert
105307 | Depths:1 | Entered Level 1 of the Depths
105584 | Depths:1 | Found a gateway to Hell.
110038 | Depths:2 | Identified the ring of Gluttony {Wiz rElec Int+5 Dex-4
                  | SInv}
110316 | Depths:2 | Found a glowing golden altar of the Shining One.
110696 | Depths:2 | Found a one-way gate leading to the halls of Pandemonium.
110704 | Depths:2 | Identified the Handbook of Bewitchment
110720 | Depths:2 | Noticed Saint Roka
110868 | Depths:2 | Killed Saint Roka
111133 | Depths:2 | Reached XP level 23. HP: 109/109 MP: 50/55
111664 | Depths:3 | Noticed Bai Suzhen
111676 | Depths:3 | Killed Bai Suzhen
111724 | Depths:3 | Got a warped lead ring
111725 | Depths:3 | Identified the ring "Saoqil" {*Tele rPois rF+ Str+3} (You
                  | found it on level 3 of the Depths)
111737 | Depths:3 | Found a white marble altar of Elyvilon.
111844 | Depths:3 | Reached skill level 10 in Short Blades
111866 | Depths:3 | Got a warped copper ring
111867 | Depths:3 | Identified the ring "Manosm" {Str+3 Int+2} (You found it on
                  | level 3 of the Depths)
112097 | Depths:3 | Got a shimmering amber ring
112098 | Depths:3 | Identified the ring "Jeozaif" {*Tele rF+} (You found it on
                  | level 3 of the Depths)
112715 | Depths:3 | Found a gateway to a ziggurat.
113346 | Depths:3 | Reached skill level 5 in Shields
113585 | Depths:4 | Found a magical portal.
113842 | WizLab   | Entered Iskenderun's Mystic Tower
115238 | WizLab   | Identified Iskenderun's Compendium of Confrontation
115238 | WizLab   | Identified Iskenderun's Incunabulum of Attacks
115818 | Depths:4 | Reached skill level 1 in Armour
115818 | Depths:4 | Reached XP level 24. HP: 116/116 MP: 45/55
116313 | Depths:4 | Found a one-way gate to the infinite horrors of the Abyss.
116791 | Depths:4 | Found an ornate altar of the Wu Jian Council.
116866 | Depths:4 | Identified the cursed +1 demon blade "Conservator" {flame,
                  | rElec rF++ Str+4}
116883 | Depths:4 | Found Badamp Dybri's Magic Scroll Boutique.
116943 | Depths:4 | Bought a scroll of fear for 56 gold pieces
116943 | Depths:4 | Bought a scroll of blinking for 120 gold pieces
116943 | Depths:4 | Bought a scroll of magic mapping for 56 gold pieces
117473 | Depths:5 | Entered Level 5 of the Depths
119099 | Elf:3    | You paid a toll of +4 fire dragon scales to enter a
                  | treasure trove
119100 | Trove    | Entered a treasure trove
119103 | Trove    | Found the amulet of Vitality {Regen+ HP+15}
119105 | Trove    | Got a coiled iron ring
119110 | Trove    | Got a faintly glowing iron amulet
119112 | Trove    | Got a slimy steel amulet
119118 | Trove    | Got a shimmering bronze ring
119122 | Trove    | Got a translucent silver amulet
119124 | Trove    | Got a transparent turquoise ring
119126 | Trove    | Got a heavily runed ivory ring
119128 | Trove    | Got a vibrating lapis lazuli ring
119138 | Trove    | Got a sparkling marble ring
119140 | Trove    | Got a slimy golden ring
119142 | Trove    | Identified the ring "Lunecuev" {rElec rPois rF+} (You found
                  | it in a treasure trove)
119165 | Elf:3    | Identified the amulet "Zimnous" {rN+ Regen+ Str+6 Dex+4}
                  | (You found it in a treasure trove)
119166 | Elf:3    | Identified the amulet of Puboephollo {Acrobat *Corrode
                  | Int+2 SInv} (You found it in a treasure trove)
119172 | Elf:3    | Identified the amulet "Tarchor" {Harm *Drain Fragile rElec
                  | MR+++ Int-5} (You found it in a treasure trove)
119174 | Elf:3    | Identified the ring "Xedaytav" {rF++ MR+} (You found it in
                  | a treasure trove)
119177 | Elf:3    | Identified the ring of Sif Muna's Wrath {Ice rElec} (You
                  | found it in a treasure trove)
119182 | Elf:3    | Identified the ring "Wavel" {Wiz Str+4 Dex+3 Stlth-} (You
                  | found it in a treasure trove)
119184 | Elf:3    | Identified the ring of Xytamena {rC+ Dex+6} (You found it
                  | in a treasure trove)
119186 | Elf:3    | Identified the ring of Niratias {*Corrode Str+2 Dex+7
                  | Stlth+} (You found it in a treasure trove)
119196 | Elf:3    | Identified the ring "Tada" {rElec MP+9 Str+3 Int+3 SInv}
                  | (You found it in a treasure trove)
119758 | Slime:1  | Entered Level 1 of the Pits of Slime
120933 | Elf:3    | Bought an uncursed ring of resist corrosion for 340 gold
                  | pieces
121149 | D:11     | Killed PublicAnimeNo1's ghost
121579 | Slime:4  | Gained mutation: Your flesh is cold resistant. (rC+) [a
                  | shining eye]
121580 | Slime:4  | Gained mutation: Your body sometimes deteriorates upon
                  | taking damage. [a shining eye]
121599 | Slime:4  | Reached skill level 10 in Fighting
121611 | Slime:5  | Entered Level 5 of the Pits of Slime
122421 | Slime:5  | Noticed the Royal Jelly
122984 | Slime:5  | Found a viscous altar of Jiyva.
122987 | Slime:5  | Found the amulet of the Four Winds {rN+ MR+++ Clar}
122990 | Slime:5  | Killed the Royal Jelly
122990 | Slime:5  | Reached skill level 5 in Evocations
123144 | Slime:5  | Got a slimy rune of Zot
124062 | Depths:5 | Noticed the Enchantress
124091 | Depths:5 | Killed the Enchantress
124431 | Depths:5 | Reached XP level 25. HP: 120/126 MP: 45/55
124785 | Depths:5 | Identified the ring of the Final Cities {rElec rPois rF+}
124810 | Depths:5 | Found a shimmering blue altar of Sif Muna.
125790 | Depths:5 | Found a gate to the Realm of Zot.
126171 | Zot:1    | Entered Level 1 of the Realm of Zot
127744 | Zot:1    | Reached skill level 5 in Armour
128133 | Depths:5 | Lost mutation: You expend magic power (3 MP) to strengthen
                  | your wands. [potion of mutation]
128133 | Depths:5 | Lost mutation: Your flesh is cold resistant. (rC+) [potion
                  | of mutation]
128133 | Depths:5 | Lost mutation: Your body sometimes deteriorates upon taking
                  | damage. [potion of mutation]
128133 | Depths:5 | Lost mutation: You are partially covered in icy blue
                  | scales. (AC +2) [potion of mutation]
128133 | Depths:5 | Gained mutation: Your flesh is cold resistant. (rC+)
                  | [potion of mutation]
128133 | Depths:5 | Gained mutation: You have sharp fingernails. [potion of
                  | mutation]
128133 | Depths:5 | Gained mutation: You occasionally shout uncontrollably at
                  | your foes. [potion of mutation]
128133 | Depths:5 | Gained mutation: You have sharp toenails. [potion of
                  | mutation]
128134 | Depths:5 | Lost mutation: You have sharp toenails. [potion of
                  | mutation]
128134 | Depths:5 | Lost mutation: Your flesh is cold resistant. (rC+) [potion
                  | of mutation]
128134 | Depths:5 | Gained mutation: You tend to lose your temper in combat.
                  | [potion of mutation]
128134 | Depths:5 | Gained mutation: You have large cloven feet. [potion of
                  | mutation]
128134 | Depths:5 | Gained mutation: You passively map a small area around you.
                  | [potion of mutation]
128135 | Depths:5 | Lost mutation: You occasionally shout uncontrollably at
                  | your foes. [potion of mutation]
128135 | Depths:5 | Gained mutation: You are clumsy. (Dex -2) [potion of
                  | mutation]
128135 | Depths:5 | Gained mutation: You are partially covered in yellow
                  | scales. (AC +2) [potion of mutation]
128759 | Zot:1    | Learned a level 9 spell: Shatter
129964 | Zot:1    | Found a runed translucent door.
129964 | Zot:1    | Found a shimmering altar of Xom.
129964 | Zot:1    | Noticed Momnuudway's ghost (master GrGl)
131668 | Zot:2    | Noticed a Killer Klown
132087 | Zot:2    | Killed a Killer Klown
132210 | Zot:2    | Reached XP level 26. HP: 133/133 MP: 54/55
132761 | Zot:2    | You fall into a shaft and drop 1 floor!
135541 | Zot:4    | Identified Palileps's Guide on Boosting Cold
135690 | Zot:5    | Entered Level 5 of the Realm of Zot
136470 | Zot:5    | Noticed an orb of fire
136574 | Zot:5    | Noticed an ancient lich
136776 | Zot:5    | Noticed an ancient lich
136786 | Zot:4    | Mangled by an Orb Guardian

Levels and vault maps discovered:
D:1:      matt_arrival_debris, layout_basic
D:2:      layout_loops_corners, lemuel_round_altar
D:3:      layout_basic, nicolae_qazlal_style_of_elements,
          nicolae_overflow_hidden_temple
D:4:      layout_gridville, uniq_edmund
D:5:      minmay_recursive_quarters, layout_basic, overflow_temple_1_default,
          first_ration
D:6:      layout_loops_ring, ebering_ghost_sewer_d
D:7:      layout_loops_cross, minmay_temple_entry_statues_pillars
D:8:      layout_cave_pools, special_room [special_room_orc], david_nohive_1,
          chequers_serial_rivers_room_b, nicolae_transmutations_shop,
          serial_park_tiny_pond, uniq_erica
D:9:      layout_roguey, orc_0_dummy, kb_rosetta
D:10:     gammafunk_mikee_crab_dinner, layout_loops_ring, lair_entry_dummy,
          serial_shops, nicolae_shop_statue_plus, kennysheep_little_box,
          shop_statue, abandoned_shop
D:11:     layout_roguey, gammafunk_ghost_wrathful_warriors,
          gauntlet_entry_generic, minmay_alternating_orb
D:12:     layout_basic
D:13:     layout_irregular_city, ximxim_vaults_locker_room,
          kennysheep_generic_room_10
D:14:     orc_temple, layout_gridville, ashenzari_altar_1
D:15:     hangedman_depths_entry_try_elsewhere_first, layout_loops_ring,
          lemuel_coloured_pillars_altar
Temple:   regret_index_temple_mists
Lair:1:   layout_regular_city, grunt_megastairs_3, serial_bayou_shore_b,
          lemuel_fruit_fields
Lair:2:   layout_small_grid, grunt_megastairs_2, uniq_gastronok
Lair:3:   layout_roguey, minmay_shoals_entry_lonely_mermaid,
          minmay_snake_entry_guardpost_large, minmay_holes, uniq_nergalle
Lair:4:   layout_roguey, chequers_serial_rivers_micro_b, st_stairs_3,
          lemuel_altar_in_water2
Lair:5:   dragon1_lemuel, layout_loops_ring, nicolae_slime_entry_slimehenge,
          dpeg_oklob_1
Lair:6:   minmay_lair_end_frog_pond, layout_loops_ring
Shoals:1: cheibrodos_shoals_satyrical_garden, layout_shoals
Shoals:2: layout_shoals
Shoals:3: cheibrodos_shoals_three_sisters, layout_shoals,
          wheals_shoals_ruined_temple, uniq_ilsuiw
Shoals:4: shoals_end_grunt_garden, layout_shoals
Snake:1:  layout_misc_corridors
Snake:2:  layout_grid_maze
Snake:3:  layout_grid_maze, hangedman_feature_mirror, grunt_ministairs_6
Snake:4:  grunt_snake_rune_spirals, layout_onion_interference,
          serial_bayou_shore_a, uniq_kirke
Slime:1:  layout_caves, nicolae_slime_barrier,
          nicolae_slime_ancient_tower_intersection
Slime:2:  layout_caves
Slime:3:  layout_caves
Slime:4:  layout_caves
Slime:5
Orc:1:    layout_diamond_mine, serial_shops, nicolae_shop_crystal,
          bloody_makhleb
Orc:2:    st_orc_mages, layout_caves, basic_altar, minmay_orc_temple_c
Elf:1:    minmay_elf_arrival_circle, layout_loops_cross, hangedman_elf_disciples
Elf:2:    layout_geoelf_diagonals
Elf:3:    nooodl_elf_gasket, layout_geoelf_grid, nicolae_trove_entry_crossroad,
          minivault_24, minmay_shop_grove, uniq_donald, uniq_louise
Vaults:1: vaults_standard_mumra_lines, vaults_dpeg_encased_lava,
          ontoclasm_vaults_eye, nicolae_vaults_asterisk, st_lines,
          hangedman_vaults_impose, vaults_room_corners, layout_vaults_omnigrid
Vaults:2: advil_vaults_ghost_lines, vaults_room_corners, hangedman_vaults_pinch,
          v_pattern_4, v_misc_18, nicolae_vaults_triangles,
          ontoclasm_vaults_chip, nicolae_vaults_specimen_jars,
          minmay_crypt_entry_simple_walls, vaults_room_ringed_pool,
          vaults_room_guarded_vault, v_misc_17, vaults_room_door_ring,
          layout_vaults_omnicross, serial_shops, shop, uniq_nikola,
          uniq_frederick, uniq_xtahua
Vaults:3: hangedman_vaults_nodes, dpeg_vaults_monster_row,
          nicolae_vaults_little_squares_3, nicolae_vaults_rhombus_5,
          ontoclasm_vaults_gateway, layout_vaults_big_room, uniq_mara
Vaults:4: nicolae_vaults_twisting_passages, vaults_mumra_hex, v_misc_19,
          v_misc_12, v_misc_27, vaults_mumra_minichess,
          hangedman_vaults_capsules, vaults_dpeg_diagonal, sword_in_stone,
          vaults_room_grid, grunt_vaults_focal, v_alt_pattern_3,
          grunt_vaults_hallway_short, nicolae_vaults_diagonal_hallway_7,
          serial_ice_b, layout_vaults_maze_bifur,
          portal_desolation_entry_nicolae_slug
Depths:1: layout_long_grid, chequers_big_river, hell_entry, serial_sigils,
          serial_sigils_hangedman_gnaw, serial_sigils_hangedman_etch,
          serial_sigils_hangedman_quiver, serial_sigils_hangedman_snap,
          serial_sigils_hangedman_scratch, serial_sigils_hangedman_quiver,
          minivault_16, serial_bayou_pond_a
Depths:2: minmay_the_grid_square_5x5_4x4 [minmay_the_grid_square_5x5_hourglass,
          minmay_the_grid_square_5x5_minivault,
          minmay_the_grid_square_5x5_n_small,
          minmay_the_grid_square_5x5_tetrominoes, minmay_the_grid_square_5x5_n,
          minmay_the_grid_square_5x5_prize_rear_guard,
          minmay_the_grid_square_5x5_prize_gold,
          minmay_the_grid_square_5x5_forky, minmay_the_grid_square_5x5_empty,
          minmay_the_grid_square_5x5_prize_waves,
          minmay_the_grid_square_5x5_prize_snowflake,
          minmay_the_grid_square_5x5_mess,
          minmay_the_grid_square_5x5_fancy_junction,
          minmay_the_grid_square_5x5_two_walls_b,
          minmay_the_grid_square_5x5_shuriken,
          minmay_the_grid_square_5x5_one_wall], layout_gridville, pan_entry,
          pf_vacation_house_of_asmodeus, drop_trap, nrook_mini_backslash,
          tso_altar, uniq_saint_roka
Depths:3: hangedman_spin_cycle, hell_entry, pan_entry, uniq_bai_suzhen
Depths:4: minmay_tri_stars, layout_cave_pools, serial_shops,
          nicolae_shop_temple_entry_statues_fountains, abyss_entry,
          mu_enter_wizlab_2, lemuel_round_altar, hellmouth_1, pan_entry
Depths:5: grunt_zot_entry_hairpin, layout_basic, kennysheep_pointless_box,
          hangedman_coc_ice_floe, minmay_room_of_horrors,
          chequers_serial_rivers_micro_c, roderic_serpentine_path,
          kennysheep_crisscross, hangedman_summoners_spam, uniq_enchantress
Zot:1:    layout_basic, ebering_ghost_xom, grunt_ministairs_8
Zot:2:    nicolae_moth_party, layout_onion, st_large_dragon_hoard_3,
          grunt_megastairs_4
Zot:3:    layout_cathedral_of_symmetry
Zot:4:    layout_onion_interference
Zot:5:    layout_twisted_circle

Skill      XL: |  1  2  3  4  5  6  7  8  9 10 11 12 13 14 15 16 17 18 19 20 21 22 23 24 25 26 |
---------------+-------------------------------------------------------------------------------+-----
Stealth        | 2 3 4 6 9 10 11 13 14 15 16 18 19 20 21 22 23 24 25 26 | 26.7
Dodging        | 1 2 3 5 6 10 11 12 13 14 15 16 17 18 19 20 22 23 | 23.0
Short Blades   | 1 2 3 5 6 7 8 9 10 11 12 | 12.0
Spellcasting   | 5 6 7 8 9 11 12 14 16 18 19 20 22 23 24 25 26 27 | 27.0
Earth Magic    | 1 2 4 5 6 7 9 10 11 12 13 14 15 16 18 19 21 23 | 23.4
Fighting       | 1 2 3 4 5 6 7 8 10 11 | 11.9
Hexes          | 1 2 |  2.0
Necromancy     | 1 2 |  2.7
Conjurations   | 3 4 5 |  5.7
Evocations     | 1 5 8 |  8.0
Shields        | 2 3 4 5 6 |  6.4
Fire Magic     | 2 |  2.5
Armour         | 1 4 5 |  5.2
Throwing       | |  1.0
Charms         | |  3.0
Translocations | |  1.5
Transmutations | |  2.6

Action                   |  1- 3 |  4- 6 |  7- 9 | 10-12 | 13-15 | 16-18 | 19-21 | 22-24 | 25-27 || total
-------------------------+-------+-------+-------+-------+-------+-------+-------+-------+-------++-------
Melee: Dagger            |   177 |   155 |       |       |       |       |       |       |       ||   332
       Short sword       |       |    55 |   423 |   425 |   112 |       |       |       |       ||  1015
       Quick blade       |       |       |       |       |  1057 |   498 |  1523 |  1909 |   962 ||  5949
       Unarmed           |       |       |       |       |       |       |       |    22 |       ||    22
       Kick              |       |       |       |       |       |       |       |       |   316 ||   316
Throw: Dart              |       |    24 |   180 |   187 |   218 |    22 |    11 |     6 |     8 ||   656
 Cast: Sandblast         |    25 |    39 |     6 |    70 |       |       |       |       |       ||   140
       Shroud of Golubri |     4 |     8 |     1 |       |     2 |       |       |       |       ||    15
       Blink             |     4 |       |       |     2 |     2 |     7 |     7 |     1 |     4 ||    27
       Confusing Touch   |       |     1 |     5 |       |     1 |       |       |     1 |     7 ||    15
       Animate Skeleton  |       |     1 |       |       |       |       |       |       |       ||     1
       Pain              |       |       |     3 |    71 |       |       |       |       |       ||    74
       Apportation       |       |       |     2 |    31 |    12 |     6 |     6 |     3 |     8 ||    68
       Stone Arrow       |       |       |       |   237 |   402 |    55 |       |       |       ||   694
       Lee's Rapid Decon |       |       |       |       |   218 |   484 |   338 |   356 |   146 ||  1542
       Bolt of Magma     |       |       |       |       |       |   115 |   149 |     7 |       ||   271
       Petrify           |       |       |       |       |       |     1 |   117 |   166 |    37 ||   321
       Statue Form       |       |       |       |       |       |       |    12 |     7 |    19 ||    38
       Airstrike         |       |       |       |       |       |       |     8 |       |       ||     8
       Shatter           |       |       |       |       |       |       |       |       |    38 ||    38
Invok: Lunge             |       |       |    11 |    47 |   126 |    62 |   161 |   151 |    57 ||   615
       Whirlwind         |       |       |     9 |    20 |    33 |    12 |    44 |   105 |    11 ||   234
       Serpent's Lash    |       |       |       |     1 |     2 |     5 |    13 |    11 |     9 ||    41
 Abil: Evoke Fog         |       |       |       |       |       |     1 |     1 |     1 |       ||     3
       End Transformatio |       |       |       |       |       |       |       |     1 |       ||     1
       Evoke Invisibilit |       |       |       |       |       |       |       |       |    14 ||    14
Evoke: Wand              |       |       |     9 |     6 |       |       |     4 |     1 |       ||    20
       Box of beasts     |       |       |       |       |     2 |       |     2 |       |     3 ||     7
       Lightning rod     |       |       |       |       |     6 |     3 |     4 |     5 |     1 ||    19
       Phial of floods   |       |       |       |       |       |       |     1 |       |     1 ||     2
  Use: Scroll            |       |    12 |     5 |    17 |    23 |     5 |    17 |    23 |    15 ||   117
       Potion            |       |       |     3 |     3 |     3 |     2 |     8 |    11 |    11 ||    41
 Stab: Sleeping          |    12 |     9 |    14 |    37 |    60 |    37 |    90 |    78 |    28 ||   365
       Confused          |       |       |     5 |       |     2 |       |       |       |     2 ||     9
       Distracted        |       |       |     1 |     6 |    13 |    13 |    15 |    14 |     6 ||    68
       Paralysed         |       |       |     5 |       |       |       |       |       |       ||     5
       Petrifying        |       |       |       |       |       |     1 |    40 |    71 |    24 ||   136
       Petrified         |       |       |       |       |       |       |     9 |    23 |     8 ||    40
       Invisible         |       |       |       |       |       |       |       |       |    48 ||    48
  Eat: Ration            |       |     2 |     6 |     6 |    18 |    12 |    13 |    12 |    18 ||    87
Armor: Robe              |    20 |    15 |    41 |    29 |    35 |    23 |    27 |    11 |       ||   201
       Skin              |       |       |       |    33 |     4 |       |    41 |    37 |    96 ||   211
       Fire dragon scale |       |       |       |       |       |       |       |    58 |       ||    58
       Storm dragon scal |       |       |       |       |       |       |       |    37 |    40 ||    77
       Acid dragon scale |       |       |       |       |       |       |       |       |    19 ||    19
Dodge: Dodged            |   123 |   147 |   489 |   530 |   629 |   342 |   726 |   779 |   702 ||  4467
Block: Buckler           |       |       |       |       |       |    39 |   277 |   258 |   300 ||   874
       Reflection        |       |       |       |       |       |       |    45 |    16 |       ||    61

Table legend:
 A = Non-vault XP
 B = Vault XP
 C = Vault XP percentage of total XP
 D = Non-vault monster count
 E = Vault monster count
 F = Vault count percentage of total count
                 A         B        C        D         E       F
            +---------+---------+-------+---------+---------+-------
      Total |  835867 |  638390 |  43.3 |    1549 |     846 |  35.3
            +---------+---------+-------+---------+---------+-------
        D:1 |      33 |       0 |   0.0 |      21 |       0 |   0.0
        D:2 |      75 |       0 |   0.0 |      19 |       0 |   0.0
        D:3 |      86 |       0 |   0.0 |      30 |       0 |   0.0
        D:4 |     261 |     154 |  37.1 |      10 |       1 |   9.1
        D:5 |     505 |     316 |  38.5 |      19 |       6 |  24.0
        D:6 |     206 |     813 |  79.8 |      17 |       3 |  15.0
        D:7 |    1380 |     379 |  21.5 |      34 |       6 |  15.0
        D:8 |     802 |    1824 |  69.5 |      16 |      20 |  55.6
        D:9 |    5770 |    1632 |  22.0 |      46 |      21 |  31.3
       D:10 |     693 |   11239 |  94.2 |       6 |      12 |  66.7
       D:11 |    3934 |    5206 |  57.0 |      26 |      18 |  40.9
       D:12 |    6307 |       0 |   0.0 |      23 |       0 |   0.0
       D:13 |   11718 |    5287 |  31.1 |      56 |      11 |  16.4
       D:14 |   11250 |    6446 |  36.4 |      47 |      28 |  37.3
       D:15 |   14190 |    3791 |  21.1 |      34 |       4 |  10.5
     Lair:1 |    6702 |     623 |   8.5 |      30 |       2 |   6.2
     Lair:2 |    5629 |    2573 |  31.4 |      26 |       2 |   7.1
     Lair:3 |    7509 |    2492 |  24.9 |      34 |       8 |  19.0
     Lair:4 |    8685 |     121 |   1.4 |      22 |       1 |   4.3
     Lair:5 |    3701 |    3519 |  48.7 |      14 |      13 |  48.1
     Lair:6 |    8634 |   11681 |  57.5 |      36 |      45 |  55.6
   Shoals:1 |   11156 |    3828 |  25.5 |      27 |       6 |  18.2
   Shoals:2 |    7637 |    1418 |  15.7 |      16 |       2 |  11.1
   Shoals:3 |    2620 |   12522 |  82.7 |       8 |      17 |  68.0
   Shoals:4 |    5397 |   11048 |  67.2 |       8 |      14 |  63.6
    Snake:1 |    8289 |       0 |   0.0 |      13 |       0 |   0.0
    Snake:2 |    9110 |       0 |   0.0 |      19 |       0 |   0.0
    Snake:3 |   30964 |    5271 |  14.5 |      59 |       5 |   7.8
    Snake:4 |   18548 |   41011 |  68.9 |      35 |      76 |  68.5
    Slime:1 |    1144 |       0 |   0.0 |       2 |       0 |   0.0
    Slime:2 |    4344 |       0 |   0.0 |       9 |       0 |   0.0
    Slime:3 |    8712 |       0 |   0.0 |      15 |       0 |   0.0
    Slime:4 |   12258 |       0 |   0.0 |      28 |       0 |   0.0
    Slime:5 |   10974 |   31727 |  74.3 |      25 |      13 |  34.2
      Orc:1 |    3630 |       0 |   0.0 |      26 |       0 |   0.0
      Orc:2 |    4084 |    8384 |  67.2 |      20 |      74 |  78.7
      Elf:1 |   16044 |    7561 |  32.0 |      27 |      12 |  30.8
      Elf:2 |   10482 |    1799 |  14.6 |      16 |       2 |  11.1
      Elf:3 |   26045 |   66239 |  71.8 |      41 |      45 |  52.3
   Vaults:1 |   25729 |   24393 |  48.7 |      39 |      25 |  39.1
   Vaults:2 |   38710 |   27857 |  41.8 |      77 |      35 |  31.2
   Vaults:3 |   58566 |   14571 |  19.9 |      77 |      15 |  16.3
   Vaults:4 |   40369 |   35821 |  47.0 |      58 |      42 |  42.0
   Depths:1 |   49112 |    5224 |   9.6 |      61 |       5 |   7.6
   Depths:2 |   34076 |   27811 |  44.9 |      40 |      30 |  42.9
   Depths:3 |     760 |   88647 |  99.1 |       3 |      80 |  96.4
   Depths:4 |   50120 |   13854 |  21.7 |      58 |      20 |  25.6
   Depths:5 |   51547 |   46936 |  47.7 |      56 |      50 |  47.2
      Zot:1 |   57899 |    9006 |  13.5 |      41 |       7 |  14.6
      Zot:2 |   35477 |   45711 |  56.3 |      20 |      27 |  57.4
      Zot:3 |   43499 |     859 |   1.9 |      23 |       1 |   4.2
      Zot:4 |   36283 |   13954 |  27.8 |      23 |       5 |  17.9
      Zot:5 |   24212 |    5445 |  18.4 |      13 |       2 |  13.3
     WizLab |       0 |   28842 | 100.0 |       0 |      33 | 100.0
 Desolation |       0 |     555 | 100.0 |       0 |       2 | 100.0
            +---------+---------+-------+---------+---------+-------
